 Dungeon Crawl Stone Soup version 0.18-a0-965-g9200175 (webtiles) character file.

28 Duffy the Insei (level 3, 20/29 HPs)
             Began as a Demonspawn Monk on Jan 2, 2016.
             Quit the game on level 2 of the Dungeon.
             The game lasted 00:00:49 (781 turns).

Duffy the Insei (Demonspawn Monk)                    Turns: 781, Time: 00:00:49

Health: 20/29      AC:  5    Str: 12    XL:     3   Next: 0%
Magic:  3/3        EV: 11    Int: 11    God:
Gold:   72         SH:  0    Dex: 17    Spells: 0 memorised, 2 levels left

rFire  . . .     SeeInvis .       - Unarmed
rCold  . . .     Gourm    .     e - +0 ring mail
rNeg   . . .     Faith    .     (no shield)
rPois  .         Spirit   .     (helmet restricted)
rElec  .         Dismiss  .     (no cloak)
rCorr  .         Reflect  .     (no gloves)
SustAt .         Harm     .     (no boots)
MR     .....                    (no amulet)
Stlth  ++........               (no ring)
                                (no ring)

@: not resistant to hostile enchantments, unstealthy
A: horns 1, thin skeletal structure 1
a: no special abilities


You were on level 2 of the Dungeon.
You were not hungry.

You visited 1 branch of the dungeon, and saw 2 of its levels.

You collected 72 gold pieces.


Innate Abilities, Weirdness & Mutations

You have a pair of small horns on your head.
You have a somewhat thin skeletal structure (Dex +2, Stealth).


   Skills:
 - Level 3.0 Fighting
 - Level 2.6 Dodging
 - Level 1.7 Stealth
 + Level 4.5 Unarmed Combat


You had 2 spell levels left.
You didn't know any spells.

Inventory:

Armour
 a - a +0 robe
 e - a +0 ring mail (worn)
Scrolls
 c - a scroll of remove curse {unknown}
 h - a scroll of identify {unknown}
Potions
 f - 3 potions of curing {unknown}
 g - a potion of magic {unknown}
Comestibles
 b - a bread ration
 d - a slice of pizza

Dungeon Overview and Level Annotations

Branches:
Dungeon (2/15)

Altars:


Message History

Where to? (? - help)
There is a stone staircase leading down here.
You climb downwards.
A bat and 4 jackals come into view.
The jackal barks! x3
Found an escape hatch in the ceiling.
Found a stone staircase leading down.
There is a stone staircase leading up here.
There are monsters nearby!
You hit the jackal.
The jackal is heavily wounded.
The jackal bites you but does no damage.
The jackal bites you. The jackal barely misses you. The bat closely misses you.
You hit the jackal.
You kill the jackal!
The bat barely misses you.
The jackal bites you but does no damage.
The jackal bites you.
You closely miss the jackal. The bat barely misses you.
The jackal barely misses you. The jackal bites you. The jackal misses you.
You hit the jackal.
You kill the jackal!
You have reached level 3!
Your experience leads to an increase in your attributes!
Increase (S)trength, (I)ntelligence, or (D)exterity?
You feel stronger.
Your demonic ancestry asserts itself...
A pair of horns grows on your head!
The jackal bites you but does no damage. x4
The bat barely misses you.
You hit the bat. You headbutt the bat, but do no damage.
The bat is heavily wounded.
The bat hits you but does no damage. The jackal bites you.
The jackal bites you.
You closely miss the jackal. The bat hits you but does no damage.
The jackal misses you. The jackal barely misses you.
Are you sure you want to abandon this character and quit the game? (Confirm with "yes".)

#####
##%..##
#8%@h8#
#....h..#
#..#
#.......#
##8...8##
##...##
##.## #.#


You could see 2 jackals and a bat.

Action                   || total
-------------------------++-------
Melee: Unarmed           ||    73
 Stab: Sleeping          ||     4

Notes
Turn   | Place    | Note
--------------------------------------------------------------
     0 | D:1      | Duffy the Demonspawn Monk began the quest for the Orb.
     0 | D:1      | Reached XP level 1. HP: 18/18 MP: 1/1
   236 | D:1      | Reached skill level 4 in Unarmed Combat
   236 | D:1      | Gained mutation: You have a somewhat thin skeletal structure (Dex +2, Stealth). [demonic ancestry]
   236 | D:1      | Reached XP level 2. HP: 21/24 MP: 2/2
   778 | D:2      | Gained mutation: You have a pair of small horns on your head. [demonic ancestry]
   778 | D:2      | Reached XP level 3. HP: 22/29 MP: 3/3
   781 | D:2      | Quit the game

Vault maps used:
D:1:      onia_arrival_mini_spirals, minmay_surrounded
D:2:      grunt_dithmenos_smoke, gammafunk_temple_overflow_claw, first_bread,
          grunt_ministairs_7

Vanquished Creatures
  A giant gecko
  2 giant cockroaches
  6 goblins
  2 hobgoblins
  2 jackals
  2 bats
  2 giant newts
  6 kobolds
  2 rats
25 creatures vanquished.
